 Dungeon Crawl Stone Soup version 0.17.0-28-g6e173f8 (webtiles) character file.

1442 dohliylev the Covert (level 8, 0/57 HPs)
             Began as a Vampire Assassin on Nov 24, 2015.
             Was an Initiate of Dithmenos.
             Slain by a giant gecko (3 damage)
             ... on level 6 of the Dungeon.
             The game lasted 00:40:56 (5830 turns).

dohliylev the Covert (Vampire Assassin)             Turns: 5830, Time: 00:40:56

Health: 0/57       AC:  3    Str:  8    XL:     8   Next: 46%
Magic:  8/8        EV: 16    Int: 13    God:    Dithmenos [......]
Gold:   325        SH:  0    Dex: 18    Spells: 0 memorised, 7 levels left

rFire  + . .     SeeInvis +     o - +1 dagger (drain)
rCold  + + .     Clarity  .     c - +0 robe
rNeg   + + +     SustAt   .     (no shield)
rPois  +         Gourm    .     (no helmet)
rElec  .         Spirit   .     d - +0 cloak
rCorr  .         Warding  .     (no gloves)
rMut   .         Stasis   .     (no boots)
MR     .....                    (no amulet)
Stlth  ++++++....               w - -2 ring of strength (curse)
                                h - ring of protection from fire

@: regenerating slowly, not resistant to hostile enchantments, very stealthy
A: fangs 3, see invisible, unbreathing
a: Bat Form, Renounce Religion


You were on level 6 of the Dungeon.
You worshipped Dithmenos.
Dithmenos was noncommittal.
You were near bloodless.

You visited 2 branches of the dungeon, and saw 7 of its levels.
You also visited: Sewer.

You collected 325 gold pieces.

Inventory:

Hand Weapons
 b - a +0 blowgun
 o - a +1 dagger of draining (weapon)
Missiles
 e - 26 poisoned needles
 f - 2 curare-tipped needles
 p - a throwing net (quivered)
Armour
 c - a +0 robe (worn)
 d - a +0 cloak (worn)
Jewellery
 a - an uncursed ring of magical power
 h - a ring of protection from fire (left hand)
 m - an uncursed ring of protection from magic
 q - an uncursed ring of protection from magic
 w - a cursed -2 ring of strength (right hand)
Scrolls
 j - 3 scrolls of amnesia
 n - 3 scrolls of identify
 t - a scroll of random uselessness
 y - 2 scrolls of remove curse {unknown}
 z - 5 scrolls of teleportation {unknown}
 C - a scroll of magic mapping {unknown}
 E - 2 scrolls of fear {unknown}
 G - a scroll of enchant weapon {unknown}
Potions
 g - 17 potions of blood
 i - a potion of brilliance {unknown}
 k - 6 potions of curing {unknown}
 l - 3 potions of cure mutation {unknown}
 r - 2 potions of invisibility {unknown}
 s - 2 potions of magic {unknown}
 u - a potion of heal wounds {unknown}
 v - a potion of haste {unknown}
 x - 2 potions of cancellation {unknown}
 D - 3 potions of might {unknown}
 F - a potion of lignification {unknown}
 H - a potion of resistance


   Skills:
 + Level 2.8 Fighting
 + Level 4.1 Short Blades
 + Level 3.5 Throwing
 + Level 5.6 Dodging
 + Level 12.1 Stealth


You had 7 spell levels left.
You didn't know any spells.

Dungeon Overview and Level Annotations

Branches:
Dungeon (6/15)             Temple (1/1) D:5

Altars:
Dithmenos
Fedhas
Qazlal
Trog
Yredelemnul


Innate Abilities, Weirdness & Mutations

You heal slowly.
You have razor-sharp teeth.
You have supernaturally acute eyesight.
You can survive without breathing.


Message History

The centaur completely misses you.
You barely miss the centaur. You bite the centaur, but do no damage.
The centaur is almost dead.
The centaur completely misses you.
You hit the centaur.
The centaur is almost dead.
The centaur hits you but does no damage.
You hit the centaur. You drain the centaur!
You kill the centaur!
Dithmenos accepts your kill.
You hit the giant gecko.
The giant gecko is severely wounded.
The giant gecko barely misses you.
You completely miss the giant gecko.
The giant gecko is severely wounded.
The giant gecko barely misses you.
You closely miss the giant gecko.
The giant gecko is severely wounded.
The giant gecko bites you.
You die...

#§§§§#.#§§§§#
§§§#.#§§§§ §§#.#§§§
####.######
####.########.....(..$#
...#..................#
##.#)########.###(....#
##.. ####.###.....#
##.# .......@##[.##
.#.######.....##l# ..#
.(...........###.# ..#
.#.######.##. #$# ..#
#...####<..#.###.# ..#
#.#............... ..#
#...####...##.##.# #.#
##### ##.........
######


You could see a giant gecko.

Vanquished Creatures
  A sky beast (D:4)
  3 ogres
  2 centaurs
  A giant frog (D:6)
  3 scorpions (D:5)
  3 wights (D:6)
  2 hounds (D:4)
  An orc priest (D:3)
  A centaur skeleton (D:6)
  3 orc wizards (D:5)
  3 worker ants
  Robin (D:3)
  12 adders
  3 gnolls (D:4)
  A shadow imp (D:6)
  2 river rats (D:4)
  An adder skeleton (D:5)
  7 worms
  7 orcs
  4 bats
  5 giant cockroaches
  17 goblins
  8 hobgoblins
  15 jackals
  11 kobolds
  2 ball pythons (D:5)
  3 giant geckos
  A giant gecko skeleton (D:5)
  A giant gecko zombie (D:5)
  5 giant newts
  4 quokkas
  14 rats
  A fungus (D:3)
  2 plants (Sewer)
150 creatures vanquished.

Notes
Turn   | Place    | Note
--------------------------------------------------------------
     0 | D:1      | dohliylev the Vampire Assassin began the quest for the Orb.
     0 | D:1      | Reached XP level 1. HP: 16/16 MP: 1/1
    18 | D:1      | Reached skill level 6 in Stealth
   248 | D:1      | Reached XP level 2. HP: 16/22 MP: 2/2
   830 | D:2      | Reached skill level 7 in Stealth
   843 | D:2      | Reached XP level 3. HP: 27/27 MP: 3/3
  1039 | D:2      | Reached XP level 4. HP: 33/33 MP: 4/4
  1164 | D:3      | Noticed Robin
  1217 | D:3      | Killed Robin
  1217 | D:3      | Reached skill level 8 in Stealth
  1334 | D:3      | Reached XP level 5. HP: 9/38 MP: 5/5
  1552 | D:3      | Found a blossoming altar of Fedhas.
  2293 | D:4      | Noticed a sky beast
  2301 | D:4      | Killed a sky beast
  2301 | D:4      | Reached skill level 9 in Stealth
  2301 | D:4      | Reached XP level 6. HP: 39/44 MP: 6/6
  2302 | D:4      | Noticed an ogre
  2313 | D:4      | Killed an ogre
  2682 | D:4      | Reached skill level 10 in Stealth
  2682 | D:4      | Reached XP level 7. HP: 9/51 MP: 5/7
  2965 | D:4      | Found a glowing drain.
  2976 | Sewer    | Entered a sewer
  4295 | D:5      | Entered Level 5 of the Dungeon
  4643 | D:5      | Reached skill level 11 in Stealth
  4775 | D:5      | Found a staircase to the Ecumenical Temple.
  5112 | D:5      | Reached XP level 8. HP: 41/57 MP: 8/8
  5124 | D:5      | Reached skill level 5 in Dodging
  5200 | D:5      | Noticed a moth of wrath
  5203 | D:5      | Found a bloodstained altar of Trog.
  5561 | Temple   | Entered the Ecumenical Temple
  5567 | Temple   | Became a worshipper of Dithmenos the Shadowed
  5780 | D:6      | Reached skill level 12 in Stealth
  5805 | D:6      | Found a stormy altar of Qazlal.
  5817 | D:6      | HP: 2/57 [centaur (2)]
  5830 | D:6      | Slain by a giant gecko

Action                   |  1- 3 |  4- 6 |  7- 9 || total
-------------------------+-------+-------+-------++-------
Melee: Dagger            |    64 |   180 |   484 ||   728
 Fire: Blowgun           |     6 |    16 |    33 ||    55
 Abil: End Transformatio |       |     7 |    13 ||    20
       Bat Form          |       |     7 |    13 ||    20
  Use: Scroll            |       |     2 |       ||     2
       Potion            |       |       |     3 ||     3
 Stab: Sleeping          |    16 |    15 |    22 ||    53
  Eat: Corpse            |       |       |     1 ||     1
